[ AOE2 MATCH · #479130962 ]
Team RMMuisca vs Goths
[ REPLAY ANALYSIS · EXTRACTED FROM THE RECORDED GAME ]
Feudal
16:40
Castle
23:34
Imperial
—
| APM avg | 24.6 |
| APM peak | 81 |
| eAPM avg | 8.7 |
| Villagers / military | 133 / 42 |
Focus
⚔️ 26.5% · 🌾 73.5%
Archer ×30 · Spearman ×12
Feudal
17:19
Castle
29:50
Imperial
—
| APM avg | 7.6 |
| APM peak | 16 |
| eAPM avg | 5.5 |
| Villagers / military | 53 / 69 |
Focus
⚔️ 26.7% · 🌾 73.3%
Archer ×28 · Spearman ×22 · Hussite Wagon ×10 · Militia ×9 · Trade Cart ×8
Feudal
15:13
Castle
20:02
Imperial
39:31
| APM avg | 24.8 |
| APM peak | 65 |
| eAPM avg | 11.5 |
| Villagers / military | 76 / 60 |
Focus
⚔️ 31.5% · 🌾 68.5%
Coustillier ×47 · Knight ×5 · Scout Cavalry ×4 · Spearman ×2 · Mangonel ×1 · Battering Ram ×1
Feudal
14:27
Castle
32:10
Imperial
—
| APM avg | 7.6 |
| APM peak | 34 |
| eAPM avg | 5.8 |
| Villagers / military | 67 / 34 |
Focus
⚔️ 26.3% · 🌾 73.7%
Spearman ×10 · Skirmisher ×10 · Militia ×5 · Scout Cavalry ×5 · Archer ×2 · Knight ×2
Feudal
14:29
Castle
32:11
Imperial
41:20
| APM avg | 14.2 |
| APM peak | 42 |
| eAPM avg | 9.9 |
| Villagers / military | 78 / 28 |
Focus
⚔️ 17.8% · 🌾 82.2%
Ghulam ×10 · Spearman ×8 · Archer ×4 · Militia ×2 · Bombard Cannon ×2 · Trebuchet (Packed) ×2
Feudal
15:46
Castle
25:46
Imperial
—
| APM avg | 13.9 |
| APM peak | 51 |
| eAPM avg | 7.0 |
| Villagers / military | 85 / 90 |
Focus
⚔️ 21.7% · 🌾 78.3%
Huskarl ×59 · Militia ×21 · Knight ×4 · Spearman ×4 · Scout Cavalry ×2
Match map
Initial resources + every placement click. Lines = walls · curves = elevation contours. ◆ gold · ⬟ stone · ● berries · ✦ relic · ◌ wall gap
Your base· Open — unwalled flank
eduardogt75's base· Open — 9t gap
ComanddBR2's base· Open — unwalled flank
guilleaj's base· Open — unwalled flank
elpity79's base· Open — unwalled flank
rolca's base· Open — unwalled flank
Smoothed initial terrain · ◌ = detected wall gap · hover for details
Inputs per minute
— Cwark San - - eduardogt75
Build order — Cwark San
First 150 of 183 actions detected
| 1:55 | Build | Town Center |
| 3:46 | Build | Settlement |
| 4:27 | Research | Loom |
| 4:27 | Create | Villager (Male) ×4 |
| 5:28 | Create | Villager (Male) |
| 6:33 | Build | Settlement |
| 6:59 | Create | Villager (Male) ×2 |
| 7:29 | Create | Villager (Male) |
| 8:06 | Create | Villager (Male) |
| 8:06 | Create | Villager (Male) |
| 8:44 | Create | Villager (Male) |
| 8:44 | Create | Villager (Male) |
| 8:45 | Create | Villager (Male) |
| 8:45 | Create | Villager (Male) |
| 8:50 | Create | Villager (Male) |
| 8:51 | Create | Villager (Male) |
| 9:08 | Create | Villager (Male) |
| 9:08 | Create | Villager (Male) |
| 10:16 | Build | Settlement |
| 10:29 | Create | Villager (Male) |
| 10:29 | Create | Villager (Male) |
| 10:30 | Create | Villager (Male) |
| 10:30 | Create | Villager (Male) |
| 10:32 | Create | Villager (Male) |
| 10:32 | Create | Villager (Male) |
| 11:19 | Build | House |
| 11:20 | Build | House |
| 11:22 | Build | House |
| 11:23 | Build | House |
| 11:41 | Create | Villager (Male) |
| 11:41 | Create | Villager (Male) |
| 12:23 | Build | Settlement |
| 12:39 | Build | House |
| 12:40 | Build | House |
| 13:45 | Research | Feudal Age |
| 14:59 | Build | Settlement |
| 15:12 | Create | Villager (Male) |
| 15:13 | Create | Villager (Male) |
| 15:13 | Create | Villager (Male) |
| 15:43 | Build | Barracks |
| 16:17 | Build | Settlement |
| 16:24 | Create | Villager (Male) |
| 16:24 | Create | Villager (Male) |
| 16:40 | Age | Feudal Age |
| 17:31 | Build | Blacksmith |
| 17:51 | Create | Spearman |
| 17:51 | Create | Spearman |
| 17:52 | Create | Spearman |
| 17:52 | Create | Spearman |
| 18:00 | Research | Double-Bit Axe |
| 18:09 | Create | Villager (Male) |
| 18:09 | Create | Villager (Male) |
| 18:59 | Research | Gold Mining |
| 19:21 | Build | Gate |
| 19:25 | Build | Stone Wall |
| 19:28 | Build | Stone Wall |
| 19:31 | Build | Stone Wall |
| 19:36 | Build | Stone Wall |
| 19:45 | Build | Market |
| 19:53 | Create | Villager (Male) |
| 19:55 | Create | Villager (Male) |
| 20:46 | Build | Settlement |
| 20:54 | Research | Castle Age |
| 21:05 | Build | Gate |
| 21:06 | Build | Stone Wall |
| 21:10 | Build | Stone Wall |
| 21:15 | Create | Spearman |
| 21:15 | Create | Spearman |
| 21:16 | Create | Spearman |
| 21:21 | Research | Forging |
| 21:23 | Research | Scale Mail Armor |
| 21:37 | Research | Stone Mining |
| 21:37 | Research | Stone Mining |
| 22:16 | Build | Archery Range |
| 22:23 | Research | Wheelbarrow |
| 22:24 | Create | Villager (Male) |
| 22:25 | Create | Villager (Male) |
| 22:26 | Create | Villager (Male) |
| 23:34 | Age | Castle Age |
| 23:59 | Build | Archery Range |
| 24:30 | Research | Fletching |
| 24:31 | Research | Padded Archer Armor |
| 25:00 | Build | Settlement |
| 25:38 | Build | Settlement |
| 25:45 | Create | Villager (Male) ×5 |
| 26:15 | Research | Crossbowman (upgrade) |
| 26:19 | Create | Archer ×5 |
| 26:27 | Research | Bodkin Arrow |
| 26:53 | Create | Villager (Male) |
| 27:04 | Build | Town Center |
| 27:49 | Create | Archer ×3 |
| 27:57 | Create | Villager (Male) |
| 27:57 | Create | Villager (Male) |
| 27:58 | Create | Villager (Male) |
| 28:09 | Create | Archer |
| 29:09 | Create | Archer ×2 |
| 29:14 | Create | Spearman ×5 |
| 29:25 | Create | Villager (Male) |
| 29:25 | Create | Villager (Male) |
| 29:28 | Build | Farm |
| 29:29 | Build | Farm |
| 29:31 | Build | Farm |
| 30:12 | Build | Castle |
| 30:40 | Build | Gate |
| 30:59 | Research | Leather Archer Armor |
| 31:42 | Build | Settlement |
| 31:45 | Create | Archer ×3 |
| 31:46 | Create | Archer ×3 |
| 32:25 | Build | Castle |
| 32:47 | Research | Chain Mail Armor |
| 34:10 | Build | Settlement |
| 34:14 | Create | Villager (Male) ×5 |
| 34:15 | Create | Villager (Male) ×5 |
| 34:15 | Create | Villager (Male) ×5 |
| 34:16 | Create | Villager (Male) ×2 |
| 34:21 | Build | Town Center |
| 34:43 | Research | Horse Collar |
| 34:48 | Create | Archer ×4 |
| 34:49 | Create | Archer ×4 |
| 35:01 | Build | Farm |
| 35:28 | Create | Villager (Male) ×3 |
| 35:33 | Build | Farm |
| 35:34 | Build | Farm |
| 35:45 | Create | Villager (Male) |
| 36:36 | Build | Castle |
| 36:43 | Research | Thumb Ring |
| 36:45 | Create | Archer ×5 |
| 37:48 | Create | Villager (Male) ×5 |
| 37:50 | Create | Villager (Male) ×4 |
| 37:50 | Create | Villager (Male) ×4 |
| 37:53 | Build | Farm |
| 37:55 | Build | Farm |
| 37:56 | Build | Farm |
| 37:58 | Build | Farm |
| 37:59 | Build | Farm |
| 38:00 | Build | Farm |
| 38:01 | Build | Farm |
| 38:02 | Build | Farm |
| 38:03 | Build | Farm |
| 38:04 | Research | Heavy Plow |
| 38:05 | Research | Heavy Plow |
| 38:08 | Create | Villager (Male) |
| 38:08 | Create | Villager (Male) |
| 38:42 | Create | Villager (Male) ×3 |
| 38:42 | Create | Villager (Male) ×3 |
| 39:00 | Build | Farm |
| 39:26 | Build | University |
| 39:38 | Create | Villager (Male) ×5 |
| 39:38 | Create | Villager (Male) ×5 |
| 39:41 | Build | Farm |
Build order — eduardogt75
First 150 of 152 actions detected
| 1:52 | Build | Town Center |
| 3:43 | Create | Villager (Male) |
| 3:43 | Create | Villager (Male) |
| 3:44 | Create | Villager (Male) |
| 3:44 | Create | Villager (Male) |
| 3:44 | Create | Villager (Male) |
| 4:19 | Build | House |
| 4:27 | Build | House |
| 5:26 | Build | House |
| 5:51 | Create | Villager (Male) |
| 5:52 | Create | Villager (Male) |
| 6:13 | Research | Loom |
| 6:13 | Create | Villager (Male) |
| 6:46 | Build | Mill |
| 6:53 | Create | Villager (Male) |
| 6:54 | Create | Villager (Male) |
| 7:55 | Create | Villager (Male) |
| 7:55 | Create | Villager (Male) |
| 8:28 | Create | Villager (Male) |
| 8:28 | Create | Villager (Male) |
| 9:27 | Create | Villager (Male) |
| 9:28 | Create | Villager (Male) |
| 9:28 | Create | Villager (Male) |
| 9:28 | Create | Villager (Male) |
| 9:29 | Create | Villager (Male) |
| 9:58 | Build | Lumber Camp |
| 10:26 | Build | House |
| 10:28 | Build | House |
| 10:33 | Build | House |
| 11:24 | Create | Villager (Male) |
| 11:24 | Create | Villager (Male) |
| 11:25 | Create | Villager (Male) |
| 11:25 | Create | Villager (Male) |
| 11:25 | Create | Villager (Male) |
| 11:58 | Build | Barracks |
| 13:01 | Create | Villager (Male) |
| 13:01 | Create | Villager (Male) |
| 13:01 | Create | Villager (Male) |
| 13:02 | Create | Villager (Male) |
| 13:10 | Build | Mining Camp |
| 14:11 | Build | Palisade Wall |
| 14:18 | Build | Palisade Gate |
| 14:49 | Research | Feudal Age |
| 16:14 | Build | Mill |
| 16:40 | Create | Militia ×5 |
| 16:41 | Create | Militia ×4 |
| 17:19 | Age | Feudal Age |
| 17:38 | Build | Stone Wall |
| 17:42 | Build | Stone Wall |
| 17:47 | Build | Stone Wall |
| 17:51 | Build | Stone Wall |
| 17:58 | Build | Gate |
| 18:01 | Research | Man-at-Arms (upgrade) |
| 18:15 | Research | Horse Collar |
| 18:30 | Create | Villager (Male) |
| 18:30 | Create | Villager (Male) |
| 18:52 | Build | House |
| 19:50 | Research | Arson |
| 20:44 | Build | Mill |
| 21:52 | Research | Wheelbarrow |
| 21:53 | Create | Villager (Male) ×5 |
| 21:55 | Create | Villager (Male) ×2 |
| 22:06 | Build | House |
| 23:10 | Build | Archery Range |
| 23:12 | Build | Archery Range |
| 23:17 | Build | Blacksmith |
| 24:40 | Build | Farm |
| 24:40 | Build | Farm |
| 24:40 | Build | Farm |
| 24:40 | Build | Farm |
| 24:41 | Build | Farm |
| 24:41 | Build | Farm |
| 24:41 | Build | Farm |
| 24:41 | Build | Farm |
| 24:42 | Build | Farm |
| 25:11 | Create | Archer ×5 |
| 25:11 | Create | Archer ×5 |
| 25:14 | Create | Archer ×5 |
| 25:29 | Build | Market |
| 26:18 | Build | Mill |
| 26:45 | Create | Villager (Male) |
| 27:03 | Research | Castle Age |
| 27:14 | Build | House |
| 27:15 | Build | House |
| 27:15 | Build | House |
| 27:16 | Build | House |
| 27:16 | Build | House |
| 27:17 | Build | House |
| 27:18 | Build | House |
| 27:29 | Build | Stone Wall |
| 27:40 | Research | Fletching |
| 27:40 | Research | Padded Archer Armor |
| 28:25 | Research | Forging |
| 28:25 | Research | Scale Mail Armor |
| 29:30 | Create | Trade Cart ×4 |
| 29:30 | Create | Trade Cart ×4 |
| 29:50 | Age | Castle Age |
| 30:08 | Research | Hand Cart |
| 30:10 | Research | Double-Bit Axe |
| 30:13 | Research | Heavy Plow |
| 30:17 | Create | Villager (Male) ×5 |
| 31:13 | Research | Crossbowman (upgrade) |
| 31:15 | Create | Archer |
| 31:16 | Create | Archer |
| 31:21 | Research | Squires |
| 31:23 | Create | Spearman ×2 |
| 31:23 | Create | Spearman ×2 |
| 32:54 | Build | Castle |
| 33:24 | Research | Bodkin Arrow |
| 33:24 | Research | Leather Archer Armor |
| 33:24 | Research | Iron Casting |
| 33:24 | Research | Chain Mail Armor |
| 33:42 | Build | University |
| 34:17 | Build | House |
| 34:18 | Build | House |
| 34:18 | Build | House |
| 34:19 | Build | House |
| 34:19 | Build | House |
| 34:20 | Build | House |
| 34:20 | Build | House |
| 34:21 | Build | House |
| 36:33 | Build | Farm |
| 36:33 | Build | Farm |
| 36:34 | Build | Farm |
| 36:34 | Build | Farm |
| 36:34 | Build | Farm |
| 36:35 | Build | Farm |
| 36:35 | Build | Farm |
| 36:35 | Build | Farm |
| 37:09 | Research | Wagenburg Tactics |
| 37:11 | Create | Hussite Wagon ×5 |
| 37:12 | Create | Hussite Wagon ×5 |
| 37:57 | Build | Lumber Camp |
| 38:20 | Build | Farm |
| 38:23 | Create | Villager (Male) ×5 |
| 38:24 | Create | Villager (Male) ×5 |
| 38:30 | Build | Farm |
| 38:51 | Build | Farm |
| 39:26 | Build | Lumber Camp |
| 40:42 | Research | Ballistics |
| 40:44 | Research | Chemistry |
| 40:46 | Research | Murder Holes |
| 41:00 | Research | Bow Saw |
| 41:19 | Create | Archer ×5 |
| 41:20 | Create | Archer ×5 |
| 41:20 | Create | Archer |
| 41:40 | Build | Mining Camp |
| 42:53 | Research | Pikeman (upgrade) |
| 42:54 | Create | Spearman ×5 |
| 42:55 | Create | Spearman ×5 |
Build order — ComanddBR2
First 150 of 269 actions detected
| 2:02 | Build | Town Center |
| 3:32 | Build | House |
| 4:00 | Create | Villager (Male) |
| 4:00 | Create | Villager (Male) |
| 4:01 | Create | Villager (Male) |
| 4:48 | Create | Villager (Male) |
| 4:48 | Create | Villager (Male) |
| 5:38 | Create | Villager (Male) |
| 5:38 | Create | Villager (Male) |
| 6:03 | Create | Villager (Male) |
| 6:04 | Create | Villager (Male) |
| 6:14 | Build | House |
| 6:23 | Research | Loom |
| 6:45 | Build | House |
| 6:50 | Build | Lumber Camp |
| 7:05 | Create | Villager (Male) |
| 7:21 | Create | Villager (Male) |
| 7:37 | Create | Villager (Male) |
| 7:51 | Create | Villager (Male) |
| 7:51 | Create | Villager (Male) |
| 8:45 | Create | Villager (Male) |
| 9:15 | Create | Villager (Male) |
| 10:00 | Create | Villager (Male) |
| 10:11 | Create | Villager (Male) |
| 10:31 | Build | House |
| 10:40 | Build | House |
| 10:48 | Create | Villager (Male) |
| 11:10 | Create | Villager (Male) |
| 11:37 | Build | House |
| 12:13 | Create | Villager (Male) |
| 12:14 | Create | Villager (Male) |
| 12:23 | Build | Mill |
| 12:38 | Build | Barracks |
| 13:01 | Research | Feudal Age |
| 13:10 | Build | House |
| 13:12 | Build | Palisade Wall |
| 14:32 | Build | Farm |
| 14:34 | Build | Farm |
| 14:35 | Build | Farm |
| 15:13 | Age | Feudal Age |
| 15:16 | Create | Villager (Male) |
| 15:16 | Create | Villager (Male) |
| 15:53 | Build | Stable |
| 16:06 | Create | Villager (Male) |
| 16:23 | Research | Double-Bit Axe |
| 16:35 | Create | Scout Cavalry |
| 16:47 | Create | Villager (Male) |
| 16:50 | Build | Blacksmith |
| 17:08 | Create | Scout Cavalry |
| 17:22 | Research | Castle Age |
| 17:33 | Build | House |
| 17:36 | Build | Palisade Wall |
| 17:40 | Build | Farm |
| 17:58 | Create | Scout Cavalry |
| 18:29 | Create | Scout Cavalry |
| 20:02 | Age | Castle Age |
| 20:15 | Create | Villager (Male) |
| 20:15 | Create | Villager (Male) |
| 20:35 | Build | Palisade Wall |
| 20:45 | Build | Town Center |
| 20:59 | Create | Villager (Male) |
| 21:50 | Build | House |
| 21:51 | Build | House |
| 22:20 | Create | Villager (Male) |
| 22:20 | Create | Villager (Male) |
| 22:23 | Create | Villager (Male) |
| 22:23 | Create | Villager (Male) |
| 23:02 | Build | Farm |
| 23:04 | Build | Farm |
| 23:13 | Build | Farm |
| 23:14 | Build | Farm |
| 23:15 | Create | Villager (Male) |
| 23:18 | Create | Villager (Male) |
| 23:46 | Create | Spearman |
| 23:46 | Create | Spearman |
| 23:51 | Build | Farm |
| 23:53 | Build | Farm |
| 23:53 | Build | Farm |
| 23:53 | Build | Farm |
| 23:54 | Build | Farm |
| 24:02 | Build | Palisade Wall |
| 24:11 | Build | Siege Workshop |
| 24:17 | Create | Knight |
| 24:17 | Create | Knight |
| 24:29 | Create | Villager (Male) |
| 24:42 | Create | Knight |
| 25:02 | Research | Wheelbarrow |
| 25:15 | Create | Knight |
| 25:28 | Build | Watch Tower |
| 25:36 | Create | Villager (Male) |
| 25:36 | Create | Villager (Male) |
| 25:37 | Create | Villager (Male) |
| 25:37 | Create | Villager (Male) |
| 25:47 | Create | Mangonel |
| 25:58 | Build | Lumber Camp |
| 26:02 | Build | Farm |
| 26:04 | Build | Farm |
| 26:32 | Create | Villager (Male) |
| 26:32 | Create | Villager (Male) |
| 26:59 | Create | Villager (Male) |
| 27:35 | Create | Villager (Male) |
| 27:36 | Create | Villager (Male) |
| 27:36 | Create | Villager (Male) |
| 27:43 | Build | Lumber Camp |
| 27:46 | Build | Farm |
| 27:47 | Build | Farm |
| 28:13 | Create | Villager (Male) |
| 28:13 | Create | Villager (Male) |
| 28:14 | Create | Villager (Male) |
| 28:14 | Create | Villager (Male) |
| 28:36 | Create | Villager (Male) |
| 28:36 | Create | Villager (Male) |
| 28:37 | Create | Villager (Male) |
| 28:53 | Build | Farm |
| 29:28 | Research | Forging |
| 29:29 | Create | Knight |
| 29:31 | Create | Villager (Male) |
| 29:32 | Create | Villager (Male) |
| 29:34 | Build | Farm |
| 29:36 | Build | Farm |
| 29:39 | Build | Farm |
| 29:43 | Build | Farm |
| 29:49 | Build | House |
| 29:51 | Build | House |
| 30:10 | Build | Palisade Gate |
| 31:56 | Create | Villager (Male) |
| 31:56 | Create | Villager (Male) |
| 31:57 | Create | Villager (Male) |
| 31:57 | Create | Villager (Male) |
| 32:11 | Build | Castle |
| 32:38 | Create | Villager (Male) |
| 32:39 | Create | Villager (Male) |
| 32:39 | Create | Villager (Male) |
| 32:42 | Build | Farm |
| 32:43 | Build | Farm |
| 32:43 | Build | Farm |
| 32:44 | Build | Farm |
| 32:53 | Research | Horse Collar |
| 32:55 | Research | Double-Bit Axe |
| 33:01 | Build | Farm |
| 33:10 | Build | Town Center |
| 33:42 | Create | Villager (Male) |
| 33:43 | Create | Villager (Male) |
| 33:44 | Create | Villager (Male) |
| 33:44 | Create | Villager (Male) |
| 33:49 | Build | Farm |
| 33:54 | Build | Farm |
| 33:55 | Build | Farm |
| 33:55 | Build | Farm |
| 33:55 | Build | Farm |
Build order — guilleaj
143 actions detected in the replay
| 1:03 | Build | Town Center |
| 3:07 | Create | Villager (Male) ×4 |
| 3:09 | Research | Loom |
| 4:09 | Create | Villager (Male) |
| 4:13 | Research | Loom |
| 4:42 | Create | Villager (Male) |
| 4:47 | Research | Loom |
| 5:09 | Create | Villager (Male) |
| 6:00 | Create | Villager (Male) |
| 6:05 | Create | Villager (Male) ×2 |
| 6:21 | Create | Villager (Male) |
| 6:38 | Create | Villager (Male) |
| 6:40 | Research | Loom |
| 8:21 | Create | Villager (Male) ×5 |
| 9:29 | Build | Lumber Camp |
| 10:23 | Create | Villager (Male) |
| 10:50 | Create | Villager (Male) |
| 10:51 | Create | Villager (Male) |
| 11:23 | Build | Mill |
| 11:36 | Create | Villager (Male) |
| 12:15 | Research | Feudal Age |
| 12:55 | Build | Mill |
| 13:48 | Create | Villager (Male) ×5 |
| 14:27 | Age | Feudal Age |
| 14:57 | Research | Town Watch |
| 15:05 | Build | Mining Camp |
| 15:14 | Research | Wheelbarrow |
| 15:17 | Research | Double-Bit Axe |
| 15:54 | Build | Barracks |
| 16:01 | Build | Blacksmith |
| 16:08 | Build | Market |
| 16:18 | Create | Villager (Male) |
| 16:31 | Research | Horse Collar |
| 16:53 | Research | Gold Mining |
| 17:13 | Build | Stable |
| 17:19 | Build | Archery Range |
| 17:24 | Research | Man-at-Arms (upgrade) |
| 17:30 | Create | Villager (Male) |
| 17:30 | Create | Villager (Male) |
| 17:31 | Create | Villager (Male) |
| 17:31 | Create | Villager (Male) |
| 17:56 | Research | Scale Barding Armor |
| 18:49 | Create | Spearman |
| 18:49 | Create | Spearman |
| 18:49 | Create | Spearman |
| 18:49 | Create | Spearman |
| 18:54 | Create | Spearman |
| 19:36 | Build | Watch Tower |
| 20:13 | Build | Mining Camp |
| 20:17 | Create | Spearman |
| 20:17 | Create | Spearman |
| 21:26 | Build | Stable |
| 21:34 | Create | Villager (Male) ×5 |
| 22:00 | Research | Bloodlines |
| 22:03 | Create | Militia |
| 22:03 | Create | Militia |
| 22:04 | Create | Militia |
| 22:25 | Build | Farm |
| 22:25 | Build | Farm |
| 22:26 | Build | Farm |
| 22:26 | Build | Farm |
| 22:26 | Build | Farm |
| 22:38 | Build | Mining Camp |
| 22:49 | Create | Scout Cavalry |
| 22:49 | Create | Scout Cavalry |
| 22:53 | Create | Archer |
| 22:53 | Create | Archer |
| 23:06 | Build | Mining Camp |
| 23:14 | Build | Watch Tower |
| 23:31 | Build | Farm |
| 23:53 | Create | Skirmisher |
| 23:53 | Create | Skirmisher |
| 24:15 | Create | Villager (Male) |
| 24:28 | Build | Farm |
| 24:43 | Build | Mill |
| 24:48 | Build | Farm |
| 24:48 | Build | Farm |
| 24:49 | Build | Farm |
| 24:49 | Build | Farm |
| 24:52 | Build | Farm |
| 24:55 | Create | Villager (Male) |
| 25:12 | Create | Skirmisher |
| 25:12 | Create | Skirmisher |
| 25:34 | Create | Spearman |
| 25:34 | Create | Spearman |
| 25:35 | Create | Spearman |
| 26:11 | Create | Scout Cavalry |
| 26:16 | Create | Villager (Male) |
| 26:17 | Create | Villager (Male) |
| 26:24 | Build | Farm |
| 26:24 | Build | Farm |
| 26:29 | Create | Villager (Male) |
| 26:39 | Create | Skirmisher |
| 26:39 | Create | Skirmisher |
| 26:40 | Create | Skirmisher |
| 27:04 | Create | Villager (Male) |
| 27:11 | Build | Farm |
| 29:30 | Research | Castle Age |
| 29:38 | Create | Skirmisher |
| 29:38 | Create | Skirmisher |
| 29:39 | Create | Skirmisher |
| 29:59 | Create | Scout Cavalry |
| 29:59 | Create | Scout Cavalry |
| 30:04 | Create | Militia |
| 30:04 | Create | Militia |
| 32:10 | Age | Castle Age |
| 32:53 | Build | Town Center |
| 33:59 | Build | Town Center |
| 35:57 | Create | Knight |
| 35:57 | Create | Knight |
| 36:36 | Create | Villager (Male) ×5 |
| 36:36 | Create | Villager (Male) ×5 |
| 36:48 | Build | Farm |
| 36:48 | Build | Farm |
| 36:48 | Build | Farm |
| 36:49 | Build | Farm |
| 36:49 | Build | Farm |
| 36:50 | Build | Farm |
| 38:56 | Create | Villager (Male) |
| 38:56 | Create | Villager (Male) |
| 39:08 | Build | Mill |
| 39:25 | Build | Farm |
| 39:25 | Build | Farm |
| 39:26 | Build | Farm |
| 39:28 | Build | Farm |
| 39:30 | Build | Farm |
| 39:33 | Create | Villager (Male) |
| 39:34 | Create | Villager (Male) |
| 39:34 | Create | Villager (Male) |
| 40:51 | Research | Heavy Plow |
| 41:01 | Create | Villager (Male) |
| 41:01 | Create | Villager (Male) |
| 41:01 | Create | Villager (Male) |
| 41:14 | Build | Mill |
| 41:20 | Build | Farm |
| 41:21 | Build | Farm |
| 41:22 | Build | Farm |
| 41:23 | Build | Farm |
| 42:02 | Create | Villager (Male) |
| 42:42 | Create | Villager (Male) ×5 |
| 43:09 | Build | Stable |
| 44:05 | Create | Villager (Male) |
| 44:18 | Research | Light Cavalry (upgrade) |
Build order — elpity79
First 150 of 219 actions detected
| 1:57 | Build | Town Center |
| 4:25 | Build | House |
| 4:31 | Create | Villager (Male) |
| 4:31 | Create | Villager (Male) |
| 4:31 | Create | Villager (Male) |
| 4:32 | Create | Villager (Male) |
| 4:35 | Build | House |
| 5:20 | Build | House |
| 5:53 | Create | Villager (Male) |
| 5:53 | Create | Villager (Male) |
| 6:08 | Create | Villager (Male) |
| 6:37 | Create | Villager (Male) |
| 7:04 | Create | Villager (Male) |
| 7:36 | Create | Villager (Male) |
| 8:10 | Create | Villager (Male) |
| 8:32 | Create | Villager (Male) |
| 8:32 | Create | Villager (Male) |
| 9:01 | Create | Villager (Male) |
| 9:31 | Build | Lumber Camp |
| 10:12 | Create | Villager (Male) |
| 10:13 | Create | Villager (Male) |
| 10:13 | Create | Villager (Male) |
| 10:30 | Create | Villager (Male) |
| 10:48 | Build | House |
| 10:53 | Build | Mining Camp |
| 11:02 | Create | Villager (Male) |
| 11:43 | Build | House |
| 12:19 | Research | Feudal Age |
| 13:01 | Build | Mill |
| 13:52 | Build | Mining Camp |
| 14:29 | Age | Feudal Age |
| 14:31 | Research | Wheelbarrow |
| 14:34 | Research | Double-Bit Axe |
| 15:04 | Create | Villager (Male) |
| 15:10 | Research | Gold Mining |
| 15:35 | Build | Mill |
| 15:55 | Create | Villager (Male) |
| 16:11 | Research | Stone Mining |
| 17:04 | Create | Villager (Male) |
| 17:04 | Create | Villager (Male) |
| 17:04 | Create | Villager (Male) |
| 17:47 | Build | House |
| 17:54 | Build | Barracks |
| 18:02 | Research | Horse Collar |
| 18:04 | Create | Villager (Male) |
| 18:05 | Create | Villager (Male) |
| 18:58 | Build | Archery Range |
| 19:03 | Build | House |
| 19:26 | Create | Militia |
| 19:27 | Create | Militia |
| 19:49 | Build | Blacksmith |
| 20:07 | Build | House |
| 20:29 | Build | Farm |
| 20:49 | Build | House |
| 20:56 | Build | Farm |
| 20:57 | Create | Villager (Male) |
| 20:59 | Create | Villager (Male) |
| 21:16 | Create | Villager (Male) |
| 21:25 | Create | Archer |
| 21:26 | Create | Archer |
| 21:32 | Create | Spearman |
| 21:32 | Create | Spearman |
| 21:36 | Build | Farm |
| 21:42 | Research | Loom |
| 21:49 | Build | Farm |
| 21:52 | Build | Farm |
| 22:01 | Build | House |
| 22:09 | Build | Farm |
| 22:12 | Build | Farm |
| 23:02 | Research | Fletching |
| 23:06 | Create | Archer |
| 23:52 | Create | Archer |
| 23:55 | Build | Farm |
| 24:11 | Create | Spearman |
| 24:11 | Create | Spearman |
| 24:31 | Create | Villager (Male) |
| 24:32 | Create | Villager (Male) |
| 24:32 | Create | Villager (Male) |
| 24:33 | Create | Villager (Male) |
| 24:37 | Build | House |
| 24:44 | Build | Mining Camp |
| 25:05 | Create | Villager (Male) |
| 25:11 | Build | Farm |
| 25:23 | Build | Lumber Camp |
| 25:50 | Build | Farm |
| 26:38 | Research | Padded Archer Armor |
| 26:52 | Build | Farm |
| 26:55 | Create | Villager (Male) |
| 26:56 | Create | Villager (Male) |
| 27:24 | Build | Farm |
| 27:33 | Create | Villager (Male) |
| 27:49 | Build | Farm |
| 28:10 | Create | Villager (Male) |
| 28:14 | Build | Farm |
| 28:51 | Build | Farm |
| 28:55 | Build | Farm |
| 28:58 | Create | Villager (Male) |
| 29:26 | Build | Farm |
| 29:31 | Research | Castle Age |
| 31:13 | Research | Forging |
| 31:41 | Build | House |
| 31:42 | Build | House |
| 31:43 | Build | House |
| 32:11 | Age | Castle Age |
| 32:15 | Build | Town Center |
| 32:19 | Research | Bow Saw |
| 32:21 | Research | Hand Cart |
| 32:23 | Research | Heavy Plow |
| 32:26 | Research | Gold Shaft Mining |
| 32:33 | Build | Mining Camp |
| 33:02 | Build | Castle |
| 33:11 | Create | Villager (Male) |
| 33:11 | Create | Villager (Male) |
| 33:13 | Create | Villager (Male) |
| 33:15 | Research | Town Watch |
| 33:15 | Create | Villager (Male) |
| 33:18 | Create | Villager (Male) |
| 33:18 | Create | Villager (Male) |
| 33:19 | Create | Villager (Male) |
| 33:19 | Create | Villager (Male) |
| 33:19 | Create | Villager (Male) |
| 33:45 | Build | Town Center |
| 34:26 | Build | Town Center |
| 34:29 | Create | Villager (Male) |
| 34:29 | Create | Villager (Male) |
| 34:31 | Create | Villager (Male) |
| 34:31 | Create | Villager (Male) |
| 34:45 | Build | House |
| 34:46 | Build | House |
| 34:48 | Build | House |
| 34:49 | Build | House |
| 34:58 | Build | House |
| 35:10 | Research | Grand Trunk Road |
| 35:26 | Create | Villager (Male) |
| 35:34 | Create | Villager (Male) |
| 35:34 | Create | Villager (Male) |
| 35:53 | Create | Villager (Male) |
| 35:53 | Create | Villager (Male) |
| 35:57 | Create | Villager (Male) |
| 35:57 | Create | Villager (Male) |
| 35:58 | Create | Villager (Male) |
| 35:59 | Create | Villager (Male) |
| 35:59 | Create | Villager (Male) |
| 36:01 | Create | Villager (Male) |
| 36:06 | Build | Mining Camp |
| 36:20 | Build | Farm |
| 36:21 | Build | Farm |
| 36:29 | Build | Farm |
| 36:54 | Build | Farm |
| 36:57 | Build | Farm |
Build order — rolca
First 150 of 192 actions detected
| 1:07 | Build | Town Center |
| 3:14 | Build | House |
| 3:20 | Create | Villager (Male) |
| 3:20 | Create | Villager (Male) |
| 3:21 | Create | Villager (Male) |
| 3:21 | Create | Villager (Male) |
| 4:17 | Research | Loom |
| 4:28 | Create | Villager (Male) |
| 5:19 | Create | Villager (Male) |
| 5:19 | Create | Villager (Male) |
| 5:28 | Build | House |
| 5:54 | Create | Villager (Male) |
| 5:55 | Create | Villager (Male) |
| 6:21 | Build | House |
| 6:35 | Create | Villager (Male) |
| 7:00 | Create | Villager (Male) |
| 7:35 | Create | Villager (Male) |
| 8:01 | Create | Villager (Male) |
| 8:19 | Create | Villager (Male) |
| 8:36 | Build | Mill |
| 8:39 | Create | Villager (Male) |
| 9:11 | Create | Villager (Male) |
| 9:20 | Create | Villager (Male) |
| 9:26 | Build | House |
| 10:12 | Build | House |
| 10:19 | Create | Villager (Male) |
| 10:33 | Create | Villager (Male) |
| 10:50 | Build | Barracks |
| 11:03 | Create | Villager (Male) |
| 11:19 | Build | Mining Camp |
| 11:21 | Create | Villager (Male) |
| 11:29 | Create | Villager (Male) |
| 11:51 | Build | House |
| 12:25 | Create | Villager (Male) |
| 12:31 | Build | Mill |
| 12:56 | Build | House |
| 13:11 | Create | Villager (Male) |
| 13:27 | Research | Feudal Age |
| 13:38 | Build | House |
| 14:16 | Create | Villager (Male) |
| 14:35 | Build | Mining Camp |
| 15:30 | Create | Villager (Male) |
| 15:46 | Age | Feudal Age |
| 15:57 | Build | Blacksmith |
| 16:00 | Research | Man-at-Arms (upgrade) |
| 16:09 | Build | Barracks |
| 16:12 | Create | Villager (Male) |
| 16:40 | Create | Villager (Male) |
| 16:45 | Create | Militia |
| 16:46 | Create | Militia |
| 16:46 | Create | Militia |
| 17:04 | Create | Villager (Male) |
| 17:07 | Create | Militia |
| 17:07 | Create | Militia |
| 17:17 | Build | Stable |
| 17:20 | Create | Villager (Male) |
| 17:31 | Build | House |
| 17:49 | Build | House |
| 17:54 | Create | Villager (Male) |
| 17:55 | Create | Villager (Male) |
| 18:03 | Build | Lumber Camp |
| 18:19 | Build | House |
| 18:38 | Create | Scout Cavalry |
| 18:38 | Create | Scout Cavalry |
| 18:54 | Create | Villager (Male) |
| 19:15 | Create | Villager (Male) |
| 19:31 | Build | Barracks |
| 19:34 | Create | Villager (Male) |
| 20:02 | Create | Villager (Male) |
| 20:35 | Create | Villager (Male) |
| 20:42 | Create | Spearman |
| 20:42 | Create | Spearman |
| 20:46 | Create | Villager (Male) |
| 20:50 | Build | Lumber Camp |
| 21:04 | Build | Mill |
| 21:24 | Create | Villager (Male) |
| 21:45 | Build | Mill |
| 22:07 | Create | Spearman |
| 22:58 | Create | Spearman |
| 23:06 | Research | Castle Age |
| 23:40 | Build | Barracks |
| 23:47 | Create | Militia ×4 |
| 23:47 | Create | Militia ×4 |
| 23:47 | Create | Militia ×4 |
| 23:47 | Create | Militia ×4 |
| 24:20 | Research | Stone Mining |
| 24:53 | Create | Villager (Male) |
| 24:54 | Create | Villager (Male) |
| 25:26 | Build | House |
| 25:26 | Build | House |
| 25:27 | Build | House |
| 25:46 | Age | Castle Age |
| 25:46 | Build | House |
| 25:47 | Build | House |
| 26:09 | Create | Villager (Male) |
| 26:25 | Research | Long Swordsman (upgrade) |
| 26:40 | Research | Squires |
| 26:43 | Create | Villager (Male) |
| 27:10 | Research | Double-Bit Axe |
| 27:33 | Build | Mill |
| 27:36 | Create | Villager (Male) |
| 27:36 | Create | Villager (Male) |
| 27:38 | Create | Villager (Male) |
| 28:02 | Build | House |
| 28:02 | Build | House |
| 28:03 | Build | House |
| 28:03 | Build | House |
| 28:18 | Create | Knight |
| 28:18 | Create | Knight |
| 28:19 | Create | Knight |
| 28:19 | Create | Knight |
| 28:36 | Build | Castle |
| 28:51 | Create | Villager (Male) |
| 29:17 | Create | Villager (Male) |
| 29:18 | Create | Villager (Male) |
| 29:22 | Research | Horse Collar |
| 29:59 | Build | Town Center |
| 30:01 | Create | Villager (Male) |
| 30:05 | Build | House |
| 30:06 | Build | House |
| 30:45 | Create | Huskarl |
| 30:45 | Create | Huskarl |
| 30:45 | Create | Huskarl |
| 30:46 | Create | Huskarl |
| 30:52 | Build | Mining Camp |
| 31:43 | Create | Villager (Male) |
| 31:43 | Create | Villager (Male) |
| 31:44 | Create | Villager (Male) |
| 31:50 | Build | Farm |
| 31:50 | Build | Farm |
| 31:50 | Build | Farm |
| 31:50 | Build | Farm |
| 31:51 | Build | Farm |
| 32:15 | Create | Villager (Male) |
| 32:15 | Create | Villager (Male) |
| 32:38 | Build | Lumber Camp |
| 33:00 | Create | Villager (Male) |
| 33:01 | Create | Villager (Male) |
| 33:01 | Create | Villager (Male) |
| 33:18 | Create | Villager (Male) |
| 33:42 | Create | Villager (Male) |
| 33:42 | Create | Villager (Male) |
| 34:41 | Create | Villager (Male) |
| 34:42 | Create | Villager (Male) |
| 35:22 | Build | Castle |
| 35:40 | Create | Villager (Male) |
| 35:40 | Create | Villager (Male) |
| 35:40 | Create | Villager (Male) |
| 36:07 | Create | Villager (Male) |
| 36:28 | Create | Villager (Male) |
Match timeline
| 10:50 | rolca · first_building Barracks |
| 11:58 | eduardogt75 · first_building Barracks |
| 12:38 | ComanddBR2 · first_building Barracks |
| 13:12 | ComanddBR2 · wall_segment Palisade Wall x10 |
| 14:11 | eduardogt75 · wall_segment Palisade Wall x16 |
| 14:27 | guilleaj · age_up feudal |
| 14:29 | elpity79 · age_up feudal |
| 15:13 | ComanddBR2 · age_up feudal |
| 15:43 | Cwark San · first_building Barracks |
| 15:46 | rolca · age_up feudal |
| 15:53 | ComanddBR2 · first_building Stable |
| 15:54 | guilleaj · first_building Barracks |
| 16:40 | Cwark San · age_up feudal |
| 17:13 | guilleaj · first_building Stable |
| 17:17 | rolca · first_building Stable |
| 17:19 | eduardogt75 · age_up feudal |
| 17:19 | guilleaj · first_building Archery Range |
| 17:36 | ComanddBR2 · wall_segment Palisade Wall x13 |
| 17:38 | eduardogt75 · wall_segment Stone Wall x17 |
| 17:42 | eduardogt75 · wall_segment Stone Wall x3 |
| 17:47 | eduardogt75 · wall_segment Stone Wall x3 |
| 17:51 | eduardogt75 · wall_segment Stone Wall x3 |
| 17:54 | elpity79 · first_building Barracks |
| 18:58 | elpity79 · first_building Archery Range |
| 19:25 | Cwark San · wall_segment Stone Wall x7 |
| 19:28 | Cwark San · wall_segment Stone Wall x6 |
| 19:31 | Cwark San · wall_segment Stone Wall x10 |
| 19:36 | Cwark San · wall_segment Stone Wall x3 |
| 20:02 | ComanddBR2 · age_up castle |
| 20:35 | ComanddBR2 · wall_segment Palisade Wall x8 |
| 21:06 | Cwark San · wall_segment Stone Wall x4 |
| 21:10 | Cwark San · wall_segment Stone Wall x8 |
| 22:16 | Cwark San · first_building Archery Range |
| 23:10 | eduardogt75 · first_building Archery Range |
| 23:34 | Cwark San · age_up castle |
| 24:02 | ComanddBR2 · wall_segment Palisade Wall x6 |
| 24:11 | ComanddBR2 · first_building Siege Workshop |
| 25:46 | rolca · age_up castle |
| 27:29 | eduardogt75 · wall_segment Stone Wall x9 |
| 28:36 | rolca · first_building Castle |
| 29:50 | eduardogt75 · age_up castle |
| 30:12 | Cwark San · first_building Castle |
| 32:10 | guilleaj · age_up castle |
| 32:11 | ComanddBR2 · first_building Castle |
| 32:11 | elpity79 · age_up castle |
| 32:54 | eduardogt75 · first_building Castle |
| 33:02 | elpity79 · first_building Castle |
| 38:08 | eduardogt75 · tribute_sent a jugador 1 |
| 38:08 | eduardogt75 · tribute_sent a jugador 3 |
| 38:08 | eduardogt75 · tribute_sent a jugador 4 |
| 38:08 | eduardogt75 · tribute_sent a jugador 5 |
| 38:08 | eduardogt75 · tribute_sent a jugador 6 |
| 39:31 | ComanddBR2 · age_up imperial |
| 41:20 | elpity79 · age_up imperial |
| 43:46 | elpity79 · first_building Siege Workshop |
| 44:24 | Cwark San · wall_segment Palisade Wall x1 |
| 44:41 | guilleaj · resign |
[ AI ANALYSIS · 1 CREDIT ]
What really happened in this match?
Wolo.gg analyzes every decision: build order, eco, micro, common mistakes by bracket. Personalized analysis on WhatsApp or Discord in 30 seconds.
Civ guide
Muisca
Map guide
African Clearing
Perfil
Jugador #466039